 Dungeon Crawl Stone Soup version 0.25.1-9-gc5326a611f (webtiles) character file.

Game seed: 629598404289278472

1608 Gadfly the Ruffian (level 8, -1/78 HPs)
             Began as a Troll Gladiator on Dec 30, 2020.
             Was an Initiate of the Shining One.
             Slain by a hippogriff (5 damage)
             ... on level 7 of the Dungeon.
             The game lasted 00:07:59 (5061 turns).

Gadfly the Ruffian (Troll Gladiator)                Turns: 5061, Time: 00:08:00

Health: -1/78      AC:  7    Str: 24    XL:     8   Next: 63%
Magic:  17/17      EV: 11    Int:  4    God:    the Shining One [......]
Gold:   326        SH:  5    Dex: 12    Spells: 7/7 levels left

rFire    . . .     SeeInvis .     - Unarmed
rCold    . . .     Gourm    +   (no shield)
rNeg     . . .     Faith    .   w - +0 animal skin
rPois    .         Spirit   .   q - +1 hat
rElec    .         Reflect  +   (no cloak)
rCorr    .         Harm     .   (gloves unavailable)
MR       .....                  (boots unavailable)
Stlth    +.........             g - amulet of reflection
HPRegen  0.63/turn              n - ring of magical power
MPRegen  0.15/turn              (no ring)

@: glowing
A: large, unfitting armour, claws 3, fast metabolism 3, gourmand, regeneration
1, shaggy fur 1, tough skin 3
a: Renounce Religion


You were on level 7 of the Dungeon.
You worshipped the Shining One.
The Shining One was noncommittal.
You were full.

You visited 2 branches of the dungeon, and saw 8 of its levels.

You collected 326 gold pieces.

Inventory:

Hand Weapons
 b - the +8 falchion of Arbitration {flame, Dex+5}
   (You found it on level 6 of the Dungeon)

   It has been specially enchanted to burn those struck by it, causing extra
   injury to most foes and up to half again as much damage against particularly
   susceptible opponents.
   Big, fiery blades are also staple armaments of hydra-hunters.
   It affects your dexterity (+5).
Missiles
 c - 3 throwing nets (quivered)
 o - 5 atropa-tipped darts
Armour
 q - a +1 hat (worn)
 w - a +0 animal skin (worn)
Jewellery
 g - an amulet of reflection (around neck)
 n - a ring of magical power (left claw)
Wands
 f - a wand of acid (11)
Scrolls
 h - 2 scrolls of magic mapping
 m - 2 scrolls of fog
 p - a scroll of remove curse
Potions
 e - 4 potions of curing
 i - a potion of cancellation
 k - a potion of haste
 l - 2 potions of flight
 r - 2 potions of brilliance {unknown}
 s - a potion of lignification {unknown}
Comestibles
 a - 16 rations


   Skills:
 * Level 4.1 Fighting
 - Level 1.7 Throwing
 + Level 4.8 Armour
 + Level 4.3 Dodging
 * Level 6.9 Unarmed Combat
 * Level 1.3 Evocations


You had 7 spell levels left.
You didn't know any spells.
Your spell library contained the following spells:

 Spells                   Type           Power        Failure   Level  Hunger
 Animate Skeleton         Necr           N/A          50%         1    ##.....
 Apportation              Tloc           #.....       50%         1    ##.....
 Corona                   Hex            #......      50%         1    ##.....
 Summon Small Mammal      Summ           #...         50%         1    ##.....


Dungeon Overview and Level Annotations

Branches:
Dungeon (7/15)             Temple (1/1) D:5

Altars:
Ashenzari
Cheibriados
Dithmenos
Elyvilon
Fedhas
Gozag
Hepliaklqana
Kikubaaqudgha
Makhleb
Nemelex Xobeh
Okawaru
Qazlal
Ru
Sif Muna
Trog
Uskayaw
Vehumet
Wu Jian
Xom
Yredelemnul
Zin
The Shining One

Annotations:
D:3 1 runed translucent door, Gadfly's ghost, weakling DsMo


Innate Abilities, Weirdness & Mutations

You are too large for most types of armour.
You have claws for hands.
Your metabolism is lightning-fast.
You like to eat raw meat.
Your natural rate of healing is unusually fast.
You are covered in fur. (AC +1)
You have extremely tough skin. (AC +3)


Message History

You hit the hippogriff. You burn the hippogriff.
Your claw misses the hippogriff.
The hippogriff is severely wounded.
The hippogriff bites you!
* * * LOW HITPOINT WARNING * * *
The hippogriff pecks you!
* * * LOW HITPOINT WARNING * * *
The hippogriff claws you.
* * * LOW HITPOINT WARNING * * *
You feel much better.
The hippogriff bites you but does no damage.
The hippogriff pecks you.
* * * LOW HITPOINT WARNING * * *
The hippogriff claws you!
* * * LOW HITPOINT WARNING * * *
The +8 falchion of Arbitration {flame, Dex+5} stops flaming.
You are now empty-clawed.
The hippogriff bites you.
* * * LOW HITPOINT WARNING * * *
The hippogriff pecks you.
You die...

#. #. #. #. #. #.
#.#########
#.H@......#
#.#######.######
... #......<...#
..#$.....##...###.#
#.# ..W.. #...# .
.... ....... ###..
##....... ##.
#.......# ###[..#..


You could see a hippogriff.

Vanquished Creatures
  A vampire mosquito (D:6)
  An orc warrior (D:5)
  A sky beast (D:6)
  3 phantoms
  3 ogres
  3 bullfrogs
  2 scorpions
  A bullfrog skeleton (D:4)
  A jelly (D:6)
  A hound (D:5)
  An orc wizard (D:6)
  Terence (D:3)
  An iguana (D:5)
  3 worker ants
  Robin (D:4)
  A worker ant zombie (D:6)
  4 gnolls (D:3)
  7 adders
  A shadow imp (D:5)
  2 oozes
  An adder zombie (D:5)
  5 worms
  A dart slug (D:1)
  2 leopard geckos
  11 orcs
  3 bats
  3 giant cockroaches
  16 goblins
  10 hobgoblins
  8 jackals
  2 quokkas
  2 ball pythons
  4 frilled lizards
  A giant cockroach zombie (D:6)
  6 kobolds
  5 rats
119 creatures vanquished.

Notes
Turn   | Place    | Note
-------+----------+-------------------------------------------
     0 | D:1      | Gadfly the Troll Gladiator began the quest for the Orb.
     0 | D:1      | Reached XP level 1. HP: 19/19 MP: 0/0
    36 | D:1      | Reached XP level 2. HP: 28/28 MP: 1/1
   478 | D:1      | Reached skill level 1 in Armour
   888 | D:2      | Reached XP level 3. HP: 35/35 MP: 2/2
  1268 | D:2      | Found a faded altar of an unknown god.
  1274 | D:2      | Reached XP level 4. HP: 24/42 MP: 3/3
  1444 | D:3      | Noticed Terence
  1448 | D:3      | Killed Terence
  1516 | D:3      | Found an opulent altar of Gozag.
  1876 | D:3      | Found a runed translucent door.
  1877 | D:3      | Noticed Gadfly's ghost (weakling DsMo)
  1883 | D:3      | Reached skill level 4 in Unarmed Combat
  2059 | D:3      | Reached XP level 5. HP: 50/50 MP: 4/4
  2602 | D:4      | Noticed a phantom
  2652 | D:4      | Killed a phantom
  2652 | D:4      | Reached XP level 6. HP: 46/59 MP: 5/5
  2892 | D:4      | Noticed Robin
  2908 | D:4      | Killed Robin
  3137 | D:5      | Entered Level 5 of the Dungeon
  3143 | D:5      | Reached skill level 5 in Unarmed Combat
  3173 | D:5      | Reached XP level 7. HP: 32/67 MP: 6/6
  3251 | D:5      | Found a staircase to the Ecumenical Temple.
  3297 | Temple   | Entered the Ecumenical Temple
  3486 | Temple   | Became a worshipper of Elyvilon the Healer
  3858 | D:5      | Reached * piety under Elyvilon
  3978 | D:6      | Reached skill level 6 in Unarmed Combat
  4036 | D:6      | Noticed a vampire mosquito
  4071 | D:6      | Killed a vampire mosquito
  4071 | D:6      | Reached XP level 8. HP: 20/75 MP: 7/7
  4498 | D:6      | Got a fading falchion
  4499 | D:6      | Identified the +8 falchion of Arbitration {flame, Dex+5}
                  | (You found it on level 6 of the Dungeon)
  4586 | D:6      | Found a glowing golden altar of the Shining One.
  4611 | D:6      | Fell from the grace of Elyvilon
  4611 | D:6      | Became a worshipper of the Shining One
  4858 | D:6      | Reached skill level 1 in Evocations
  5046 | D:7      | Noticed a hippogriff
  5058 | D:7      | HP: 3/78 [hippogriff (6)]
  5061 | D:7      | Slain by a hippogriff

Illustrated notes

Levels and vault maps discovered:
D:1:      enne_arrival_octagon_isle, layout_loops_corners
D:2:      layout_rooms, chequers_ecumenical_altar_simple_redux
D:3:      layout_loops_ring, ebering_ghost_inner_flame, dk_noncrumbling_4,
          lemuel_altar_in_water, uniq_terence
D:4:      layout_rooms, uniq_robin
D:5:      layout_cave_pools, minmay_temple_entry_mist, first_ration
D:6:      hangedman_cross_stitches, layout_basic, tso_metal_star
D:7:      layout_loops_corners, grunt_livestock, item_on_display_a,
          uniq_prince_ribbit1
Temple:   minmay_crystal_snake_temple

Skill      XL: |  1  2  3  4  5  6  7  8 |
---------------+-------------------------+-----
Armour         | 1 2 3 4 |  4.8
Fighting       | 2 3 4 |  4.1
Unarmed Combat | 4 5 6 |  6.9
Dodging        | 3 4 |  4.3
Evocations     | 1 |  1.3
Throwing       | |  1.7

Action                   |  1- 3 |  4- 6 |  7- 9 || total
-------------------------+-------+-------+-------++-------
Melee: Unarmed           |   106 |   132 |    99 ||   337
       Spear             |       |    17 |       ||    17
       War axe           |       |    25 |    12 ||    37
       Punch             |       |     3 |     1 ||     4
       Falchion          |       |       |    25 ||    25
  Use: Scroll            |     3 |    10 |     2 ||    15
       Potion            |       |       |     1 ||     1
 Stab: Sleeping          |     1 |     2 |       ||     3
  Eat: Chunk             |    17 |    17 |    15 ||    49
Armor: Robe              |    28 |    33 |       ||    61
       Animal skin       |       |     3 |    33 ||    36
Dodge: Dodged            |    47 |    66 |    64 ||   177
Block: Other             |     9 |    31 |    31 ||    71
       Reflection        |       |     2 |       ||     2
       Rpst.: Falchion   |       |       |     2 ||     2
